 Dungeon Crawl Stone Soup version 0.20.0-8-g6b59dc7 (webtiles) character file.

128564 Manul the Imperceptible (level 16, -8/123 HPs)
             Began as a Vampire Assassin on May 30, 2017.
             Was the Champion of Dithmenos.
             Mangled by a white very ugly thing (12 damage)
             ... in an ice cave on May 31, 2017.
             The game lasted 01:05:33 (30086 turns).

Manul the Imperceptible (Vampire Assassin)         Turns: 30086, Time: 01:05:34

Health: -8/123     AC: 20    Str: 11    XL:     16   Next: 48%
Magic:  21/21      EV: 24    Int: 16    God:    Dithmenos [******]
Gold:   2148       SH:  0    Dex: 21    Spells: 12/21 levels left

rFire    + + .     SeeInvis +   Q - +5 pair of quick blades "Gyre" and "Gimble" {pierce, Dex-3}
rCold    + + .     Gourm    .   (shield currently unavailable)
rNeg     + + +     Faith    .   O - +0 acid dragon scales
rPois    ∞         Spirit   .   p - +1 hat {MR+}
rElec    .         Reflect  .   H - +2 cloak
rCorr    +         Harm     .   R - +2 pair of gloves {Str+3}
MR       ++...     Clarity  +   M - +1 pair of boots of Impatience {rPois rF++ Regen+ Str-2}
Stlth    ++++++++++             (no amulet)
Regen    0.0/turn               i - +4 ring of evasion
MPRegen  0.2/turn               k - +2 ring of dexterity

@: bloodless, non-regenerating, wreathed by umbra
A: antennae 1, fangs 3, hooves 1, slimy green scales 1, see invisible, clarity,
clever 1, poison resistance, unbreathing
a: Bat Form, Shadow Step, Shadow Form, Renounce Religion


You were in an ice cave.
You worshipped Dithmenos.
Dithmenos was exalted by your worship.
You were bloodless.

You visited 5 branches of the dungeon, and saw 28 of its levels.
You also visited: Labyrinth, Bailey, Ice Cave and Volcano.

You collected 2486 gold pieces.
You spent 338 gold pieces at shops.

Inventory:

Hand Weapons
 C - the +9 short sword of Duelifol {venom, rN++ Int+3}
   (You found it on level 4 of the Dungeon)

   It poisons the flesh of those it strikes.
   It affects your intelligence (+3).
   It greatly protects you from negative energy.
 Q - the +5 pair of quick blades "Gyre" and "Gimble" (weapon) {pierce, Dex-3}
   (You found it in a labyrinth)

   It inflicts extra damage upon your enemies.
   It affects your dexterity (-3).
Missiles
 v - 22 poisoned needles
Armour
 p - a +1 hat of magic resistance (worn)
 A - the +0 helmet of Salvation {+Fly rC- rN++ Regen+}
   (You acquired it on level 9 of the Dungeon)

   It makes you vulnerable to cold.
   It greatly protects you from negative energy.
   It lets you fly.
   It increases your rate of regeneration.
 H - a +2 cloak (worn)
 M - the +1 pair of boots of Impatience (worn) {rPois rF++ Regen+ Str-2}
   (You bought it in a shop on level 10 of the Dungeon)

   It affects your strength (-2).
   It greatly protects you from fire.
   It protects you from poison.
   It increases your rate of regeneration.
 O - +0 acid dragon scales (worn)
 R - a +2 pair of gloves of strength (worn)
Jewellery
 d - a cursed +4 ring of strength
 i - a +4 ring of evasion (left hand)
 k - a +2 ring of dexterity (right hand)
 w - a +4 ring of strength
 B - an uncursed ring of wizardry
 U - an uncursed ring of resist corrosion
Wands
 a - a wand of scattershot (0/9)
 c - a wand of acid (6/15)
 s - a wand of confusion (18/48)
 t - a wand of digging (15/24)
 y - a wand of disintegration (2/24)
 I - a wand of paralysis (5/24)
Scrolls
 b - a scroll of amnesia
 h - 12 scrolls of identify
 n - 8 scrolls of teleportation
 o - 10 scrolls of remove curse
 u - 3 scrolls of fog
 x - 3 scrolls of enchant armour
 E - 6 scrolls of recharging
 N - 2 scrolls of magic mapping
 Y - a scroll of fear
Potions
 e - a potion of degeneration {unknown}
 l - 4 potions of curing
 m - 5 potions of magic
 r - a potion of ambrosia
 z - 3 potions of resistance
 J - a potion of agility
 K - a potion of invisibility
 V - 5 potions of brilliance {unknown}
 W - 2 potions of might
 Z - a potion of flight
Books
 f - a book of Beasts

   Spells                             Type                      Level
   a - Summon Butterflies             Summoning                    1
   b - Call Canine Familiar           Summoning                    3
   c - Summon Ice Beast               Ice/Summoning                4
   d - Summon Mana Viper              Hexes/Summoning              5
   e - Summon Hydra                   Summoning                    7
 j - a book of Necromancy

   Spells                             Type                      Level
   a - Pain                           Necromancy                   1
   b - Animate Skeleton               Necromancy                   1
   c - Vampiric Draining              Necromancy                   3
   d - Regeneration                   Charms/Necromancy            3
   e - Animate Dead                   Necromancy                   4
   f - Control Undead                 Necromancy                   4
 q - a book of Minor Magic

   Spells                             Type                      Level
   a - Magic Dart                     Conjuration                  1
   b - Blink                          Translocation                2
   c - Call Imp                       Summoning                    2
   d - Slow                           Hexes                        2
   e - Conjure Flame                  Conjuration/Fire             3
   f - Mephitic Cloud                 Conjuration/Poison/Air       3
 D - a book of the Sky

   Spells                             Type                      Level
   a - Summon Lightning Spire         Summoning/Air                4
   b - Silence                        Hexes/Air                    5
   c - Deflect Missiles               Charms/Air                   6
   d - Conjure Ball Lightning         Conjuration/Air              6
   e - Tornado                        Air                          9
 F - a book of Battle

   Spells                             Type                      Level
   a - Infusion                       Charms                       1
   b - Shroud of Golubria             Charms/Translocation         2
   c - Song of Slaying                Charms                       2
   d - Spectral Weapon                Hexes/Charms                 3
   e - Regeneration                   Charms/Necromancy            3
 G - a Young Poisoner's Handbook

   Spells                             Type                      Level
   a - Sting                          Conjuration/Poison           1
   b - Poisonous Vapours              Poison/Air                   2
   c - Mephitic Cloud                 Conjuration/Poison/Air       3
   d - Olgreb's Toxic Radiance        Poison                       4
   e - Venom Bolt                     Conjuration/Poison           5
Miscellaneous
 T - a lamp of fire


   Skills:
 + Level 10.5 Fighting
 + Level 14.9 Short Blades
 - Level 2.1 Throwing
 + Level 7.6 Armour
 + Level 11.2 Dodging
 + Level 25.7 Stealth
 - Level 3.3 Spellcasting
 - Level 4.1 Charms
 - Level 5.3 Necromancy
 + Level 1.1 Evocations


You had 12 spell levels left.
You knew the following spells:

 Your Spells              Type           Power        Failure   Level  Hunger
a - Song of Slaying       Chrm           ###.....     8%          2    ##.....
b - Infusion              Chrm           ###.         4%          1    None
c - Regeneration          Chrm/Necr      ###.......   11%         3    ###....
d - Blink                 Tloc           N/A          36%         2    ##.....
e - Animate Skeleton      Necr           N/A          3%          1    None


Dungeon Overview and Level Annotations

Branches:
Dungeon (15/15)            Temple (1/1) D:5            Lair (6/6) D:9
  Swamp (0/4) Lair:2       Spider (4/4) Lair:3        Slime (0/5) Lair:6
    Orc (2/2) D:10            Elf (0/3) Orc:2        Vaults (0/5) D:14
 Depths (0/5) D:15

Altars:
Ashenzari
Cheibriados
Dithmenos
Elyvilon
Fedhas
Gozag
Kikubaaqudgha
Makhleb
Nemelex Xobeh
Okawaru
Qazlal
Ru
Sif Muna
Trog
Uskayaw
Vehumet
Xom
Yredelemnul
Zin
The Shining One
Beogh

Shops:
D:6 *   D:10 *   D:13 }   D:14 *   Orc:2 !(?:

Annotations:
D:15 exclusion: Roxanne, Roxanne
Lair:3 exclusion: oklob plant
Orc:1 exclusion: oklob plant


Innate Abilities, Weirdness & Mutations

You do not heal naturally.
You are immune to poison.
You have razor-sharp teeth.
You have supernaturally acute eyesight. (SInv)
You can survive without breathing.
You have a pair of small antennae on your head.
You have large cloven feet.
You are partially covered in slimy green scales. (AC +2)
You possess an exceptional clarity of mind.
Your mind is acute. (Int +2)
Your system is resistant to poisons. (rPois)


Message History

The white very ugly thing stings you!
* * * LOW HITPOINT WARNING * * *
The white very ugly thing freezes you! You resist.
* * * LOW HITPOINT WARNING * * *
Your larval weirdsting beast hits the white very ugly thing.
Your larval weirdsting beast closely misses the white very ugly thing.
Unknown command.
You're too confused!
Unknown command.
You feel better.
You feel less invigorated. The white very ugly thing stings you.
* * * LOW HITPOINT WARNING * * *
The white very ugly thing freezes you! You resist.
* * * LOW HITPOINT WARNING * * *
You emit a cloud of dark smoke.
Your larval weirdsting beast closely misses the white very ugly thing. x2
You feel better. The white very ugly thing stings you!!
* * * LOW HITPOINT WARNING * * *
The white very ugly thing freezes you! You resist.
You die...

##.....##
###.###
##.....##
##.......##
#....∩....#
#.........#
#.....H§§.#
#....∩§u§.#
#.....§@§.#
###########


You could see a white very ugly thing and a friendly larval weirdsting beast.

Vanquished Creatures
  Asterion (Spider:1)
  Frances (D:13)
  Gastronok (Lair:3)
  Donald (Orc:2)
  Agnes (Spider:1)
  A ghost moth (Spider:3)
  An emperor scorpion (Spider:2)
  2 entropy weavers
  A very ugly thing (IceCv)
  Nessos (Orc:2)
  A spark wasp (shapeshifter) (D:15)
  A red draconian (Volcano)
  The ghost of emsyzz the Basher, a journeyman MiBe of Trog (IceCv)
  A minotaur (Lab)
  A fire dragon (D:14)
  A hydra (D:13)
  Harold (D:11)
  A catoblepas (Lair:6)
  7 centaur warriors
  Erolcha (Orc:2)
  2 ogre magi (Orc:2)
  10 two-headed ogres
  A death knight (D:14)
  Erica (D:8)
  3 death yaks (D:9)
  2 tengu warriors
  Urug (D:10)
  A skeletal warrior (D:14)
  A shadow wraith (D:14)
  The ghost of Nr616 the Cruncher, a novice MiGl (D:7)
  An iron troll (D:14)
  An obsidian statue (Volcano)
  A deep elf archer (D:13)
  3 orb spiders (Spider:3)
  A phantasmal warrior (D:14)
  8 ugly things
  Pikel (D:5)
  20 wolf spiders
  3 orc knights
  2 wolf spider zombies
  A deep elf mage (D:12)
  8 orc sorcerers (Orc:2)
  5 cyclopes
  5 ice statues (IceCv)
  3 manticores
  4 centaur zombies
  4 black mambas
  4 gargoyles
  5 spiny frogs
  A kobold demonologist (D:13)
  7 demonic crawlers
  3 anaconda simulacra (IceCv)
  A freezing wraith (D:14)
  2 yaktaurs (Volcano)
  An efreet (D:15)
  6 komodo dragons
  A polar bear (Lair:6)
  A jumping spider (shapeshifter) (D:15)
  3 meliai
  29 jumping spiders
  9 trolls
  5 hornets
  4 slime creatures
  Grinder (D:6)
  9 hippogriffs
  11 blink frogs
  2 dire elephant simulacra (IceCv)
  5 shadows
  A centaur simulacrum (D:13)
  49 redbacks
  A spriggan (D:13)
  11 tarantellas
  2 wyverns
  A wraith (D:14)
  3 vampires
  2 basilisks
  52 yaks
  A fire bat (Volcano)
  A human (D:13)
  5 hungry ghosts
  2 vampire mosquitoes (D:15)
  A steam dragon (Lair:2)
  3 wargs
  Menkaure (D:6)
  2 acid dragons
  2 harpy simulacra (IceCv)
  5 water moccasins
  3 soldier ants
  Duvessa (D:6)
  2 hydra simulacra (IceCv)
  20 orc warriors
  9 porcupines
  9 ice beasts
  A sky beast (D:8)
  A slave (D:5)
  6 eyes of draining
  3 necrophages
  5 black bears
  A phantom (D:10)
  4 wolves (Lair:3)
  9 centaurs
  12 ogres
  12 crocodiles
  10 big kobolds
  23 bullfrogs
  Dowan (D:6)
  4 gnoll sergeants
  A hornet simulacrum (D:15)
  2 scorpions
  20 killer bees
  5 spriggan skeletons (D:14)
  12 wights
  10 howler monkeys
  An electric eel (D:11)
  6 crimson imps
  2 bullfrog zombies
  A quasit (D:12)
  5 bullfrog skeletons
  5 hounds
  6 centaur skeletons
  20 orc priests
  4 jellies
  43 orc wizards
  Terence (D:3)
  2 iguanas (D:12)
  A hell rat (D:9)
  14 worker ants
  A killer bee zombie (D:12)
  3 hound zombies
  A hound skeleton (D:6)
  A howler monkey skeleton (D:8)
  A worker ant zombie (D:9)
  27 gnolls
  12 adders
  5 shadow imps
  An ooze (D:5)
  An adder zombie (D:2)
  2 adder skeletons
  3 leopard geckos
  87 orcs
  5 giant cockroaches
  3 goblins
  23 hobgoblins
  12 jackals
  8 quokkas
  2 ball pythons
  A ball python skeleton (D:2)
  7 bats
  3 frilled lizards
  41 kobolds
  A leopard gecko skeleton (D:2)
  A quokka zombie (D:9)
  9 rats
  10 plants (Lair:5)
944 creatures vanquished.

Vanquished Creatures (collateral kills)
  Nikola (Spider:1)
1 creature vanquished.

Vanquished Creatures (others)
  A yak (D:10)
  2 slaves (D:5)
  2 orc wizards (D:11)
  A gnoll (D:5)
  An orc (D:11)
  A fungus (Lair:5)
  4 plants
12 creatures vanquished.

Grand Total: 957 creatures vanquished

Notes
Turn   | Place    | Note
-------+----------+-------------------------------------------
     0 | D:1      | Manul the Vampire Assassin began the quest for the Orb.
     0 | D:1      | Reached XP level 1. HP: 16/16 MP: 1/1
    13 | D:1      | Reached skill level 6 in Stealth
   395 | D:1      | Reached XP level 2. HP: 22/22 MP: 2/2
  1129 | D:2      | Reached XP level 3. HP: 27/27 MP: 3/3
  1225 | D:2      | Reached skill level 7 in Stealth
  1376 | D:2      | Reached XP level 4. HP: 26/33 MP: 4/4
  1519 | D:2      | Reached skill level 1 in Armour
  1808 | D:2      | Reached XP level 5. HP: 39/39 MP: 5/5
  1992 | D:3      | Noticed Terence
  2014 | D:3      | Killed Terence
  2014 | D:3      | Reached skill level 8 in Stealth
  2701 | D:3      | Reached XP level 6. HP: 43/46 MP: 6/6
  2859 | D:4      | Found a glowing silver altar of Zin.
  2874 | D:4      | Reached skill level 9 in Stealth
  3140 | D:4      | Found a white marble altar of Elyvilon.
  3248 | D:4      | Reached XP level 7. HP: 48/51 MP: 7/7
  3373 | D:5      | Entered Level 5 of the Dungeon
  3376 | D:5      | Noticed Pikel
  3484 | D:5      | Found a staircase to the Ecumenical Temple.
  3505 | Temple   | Entered the Ecumenical Temple
  3597 | Temple   | Became a worshipper of Dithmenos the Shadowed
  3853 | D:5      | Killed Pikel
  3853 | D:5      | Reached skill level 5 in Short Blades
  3853 | D:5      | Reached skill level 10 in Stealth
  3853 | D:5      | Reached XP level 8. HP: 58/58 MP: 8/8
  3981 | D:5      | Reached skill level 11 in Stealth
  3987 | D:5      | Found a blossoming altar of Fedhas.
  4592 | D:6      | Noticed Menkaure
  4615 | D:6      | Killed Menkaure
  4634 | D:6      | Found an ancient bone altar of Kikubaaqudgha.
  4699 | D:6      | Found Iliufaud's Assorted Antiques.
  4866 | D:4      | Got a transparent short sword
  4867 | D:4      | Identified the +9 short sword of Duelifol {venom, rN++ Int+3} (You found it on level 4 of the Dungeon)
  4933 | D:6      | Noticed Grinder
  4949 | D:6      | Killed Grinder
  4949 | D:6      | Reached skill level 5 in Dodging
  5042 | D:6      | Noticed Dowan
  5043 | D:6      | Noticed Duvessa
  5085 | D:6      | Killed Duvessa
  5085 | D:6      | Reached * piety under Dithmenos
  5102 | D:6      | Killed Dowan
  5102 | D:6      | Reached XP level 9. HP: 36/65 MP: 9/9
  5644 | D:7      | Noticed Nr616's ghost (novice MiGl)
  5673 | D:7      | Killed Nr616's ghost
  5961 | D:7      | Found a bloodstained altar of Trog.
  6021 | D:7      | Reached ** piety under Dithmenos
  6050 | D:7      | Learned a level 2 spell: Song of Slaying
  6052 | D:7      | Learned a level 1 spell: Infusion
  6241 | D:7      | Reached skill level 12 in Stealth
  6506 | D:8      | Noticed Erica
  6572 | D:6      | Found a shimmering altar of Xom.
  6572 | D:6      | Found a basalt altar of Yredelemnul.
  6589 | D:6      | Reached skill level 1 in Charms
  6664 | D:8      | Killed Erica
  6664 | D:8      | Reached skill level 1 in Spellcasting
  6664 | D:8      | Reached XP level 10. HP: 73/73 MP: 9/11
  6906 | D:8      | Found a flagged portal.
  6916 | Bailey   | Entered a bailey
  6978 | Bailey   | Reached *** piety under Dithmenos
  7117 | Bailey   | Noticed an orc knight
  7149 | Bailey   | Killed an orc knight
  7826 | D:8      | Reached skill level 13 in Stealth
  7985 | D:9      | Noticed a death yak
  7986 | D:9      | Noticed a death yak
  7987 | D:9      | Found a staircase to the Lair.
  7989 | D:9      | Noticed a death yak
  7992 | D:9      | Killed a death yak
  8007 | D:9      | Gained mutation: Your magical capacity is low. (-10% MP) [potion of mutation]
  8007 | D:9      | Gained mutation: You are agile. (Dex +2) [potion of mutation]
  8018 | D:9      | Reached skill level 5 in Fighting
  8022 | D:9      | Killed a death yak
  8022 | D:9      | Reached skill level 5 in Armour
  8022 | D:9      | Reached skill level 14 in Stealth
  8028 | D:9      | Killed a death yak
  8068 | D:9      | Reached **** piety under Dithmenos
  8128 | D:9      | Found a sacrificial altar of Ru.
  8136 | D:9      | Reached XP level 11. HP: 79/79 MP: 14/14
  8223 | D:9      | Learned a level 3 spell: Regeneration
  8300 | D:9      | Identified a scroll of acquirement
  8301 | D:9      | Got a heavily runed helmet
  8307 | D:9      | Identified the +0 helmet of Salvation {+Fly rC- rN++ Regen+} (You acquired it on level 9 of the Dungeon)
  8446 | D:9      | Noticed a two-headed ogre
  8463 | D:9      | Reached skill level 1 in Necromancy
  8466 | D:9      | Killed a two-headed ogre
  8505 | D:9      | Noticed a two-headed ogre
  8518 | D:9      | Killed a two-headed ogre
  8518 | D:9      | Reached skill level 10 in Short Blades
  8732 | D:10     | Entered Level 10 of the Dungeon
  8835 | D:10     | Found Tarob's Assorted Antiques.
  8859 | D:10     | Reached skill level 15 in Stealth
  9074 | D:10     | Found a staircase to the Orcish Mines.
  9173 | D:10     | Reached ***** piety under Dithmenos
  9453 | D:10     | Bought a pair of pitted boots for 266 gold pieces
  9463 | D:10     | Identified the +1 pair of boots of Impatience {rPois rF++ Regen+ Str-2} (You bought it in a shop on level 10 of the Dungeon)
  9481 | D:10     | Noticed a two-headed ogre
  9495 | D:10     | Killed a two-headed ogre
  9564 | D:10     | Noticed Urug
  9611 | D:10     | Reached skill level 5 in Necromancy
  9647 | D:10     | Killed Urug
  9759 | D:10     | Reached XP level 12. HP: 72/87 MP: 0/15
 10168 | D:11     | Found a labyrinth entrance.
 10173 | D:11     | Noticed Harold
 10204 | Lab      | Entered a labyrinth
 10973 | Lab      | Lost mutation: Your magical capacity is low. (-10% MP) [potion of mutation]
 10973 | Lab      | Lost mutation: You are agile. (Dex +2) [potion of mutation]
 10973 | Lab      | Gained mutation: You are partially covered in iridescent scales. (AC +2) [potion of mutation]
 10973 | Lab      | Gained mutation: Your magical capacity is low. (-10% MP) [potion of mutation]
 10973 | Lab      | Gained mutation: You are frail. (-10% HP) [potion of mutation]
 10973 | Lab      | Gained mutation: You have a pair of small antennae on your head. [potion of mutation]
 10974 | Lab      | Lost mutation: You have a pair of small antennae on your head. [potion of mutation]
 10974 | Lab      | Lost mutation: You are frail. (-10% HP) [potion of mutation]
 10974 | Lab      | Lost mutation: You are partially covered in iridescent scales. (AC +2) [potion of mutation]
 10974 | Lab      | Lost mutation: Your magical capacity is low. (-10% MP) [potion of mutation]
 10974 | Lab      | Gained mutation: Your magical capacity is low. (-10% MP) [potion of mutation]
 10974 | Lab      | Gained mutation: You are partially covered in icy blue scales. (AC +2) [potion of mutation]
 10974 | Lab      | Gained mutation: Your body sometimes deteriorates upon taking damage. [potion of mutation]
 10974 | Lab      | Gained mutation: You are resistant to hostile enchantments. (MR+) [potion of mutation]
 10975 | Lab      | Lost mutation: Your body sometimes deteriorates upon taking damage. [potion of mutation]
 10975 | Lab      | Lost mutation: Your magical capacity is low. (-10% MP) [potion of mutation]
 10975 | Lab      | Gained mutation: Your magical capacity is low. (-10% MP) [potion of mutation]
 10975 | Lab      | Gained mutation: Your body sometimes deteriorates upon taking damage. [potion of mutation]
 10975 | Lab      | Lost mutation: Your magical capacity is low. (-10% MP) [potion of mutation]
 10975 | Lab      | Gained mutation: You are highly resistant to hostile enchantments. (MR++) [potion of mutation]
 10976 | Lab      | Lost mutation: Your body sometimes deteriorates upon taking damage. [potion of mutation]
 10976 | Lab      | Lost mutation: You are highly resistant to hostile enchantments. (MR++) [potion of mutation]
 10976 | Lab      | Lost mutation: You are partially covered in icy blue scales. (AC +2) [potion of mutation]
 10976 | Lab      | Lost mutation: You are resistant to hostile enchantments. (MR+) [potion of mutation]
 10976 | Lab      | Gained mutation: You have large cloven feet. [potion of mutation]
 10976 | Lab      | Gained mutation: You evolve. [potion of mutation]
 10977 | Lab      | Lost mutation: You have large cloven feet. [potion of mutation]
 10977 | Lab      | Gained mutation: Your system is resistant to poisons. (rPois) [potion of mutation]
 10977 | Lab      | Gained mutation: Your mind is acute. (Int +2) [potion of mutation]
 11009 | Lab      | Gained mutation: You are partially covered in slimy green scales. (AC +2) [evolution]
 11190 | Lab      | Noticed a minotaur
 11194 | Lab      | Killed a minotaur
 11250 | D:11     | Killed Harold
 11399 | D:11     | Reached skill level 16 in Stealth
 11408 | D:11     | Got a crude short sword
 11409 | D:11     | Identified the cursed +0 short sword of Shame {pierce, rC+ Dex+4} (You found it on level 11 of the Dungeon)
 12006 | D:12     | Learned a level 2 spell: Blink
 12169 | D:12     | Noticed a two-headed ogre
 12216 | D:12     | Reached skill level 17 in Stealth
 12653 | D:12     | Reached ****** piety under Dithmenos
 12780 | D:12     | Killed a two-headed ogre
 13415 | D:11     | Gained mutation: You have a pair of small antennae on your head. [evolution]
 13462 | D:11     | Noticed a two-headed ogre
 13469 | D:11     | Killed a two-headed ogre
 13815 | D:13     | Reached XP level 13. HP: 75/96 MP: 2/18
 14026 | D:13     | Reached skill level 18 in Stealth
 14255 | D:13     | Found Wesoy's Gadget Shop.
 14265 | D:13     | Noticed Frances
 14572 | D:13     | Killed Frances
 14889 | Orc:1    | Entered Level 1 of the Orcish Mines
 15498 | Orc:2    | Entered Level 2 of the Orcish Mines
 15689 | Orc:2    | Noticed Nessos
 15696 | Orc:2    | Killed Nessos
 15700 | Orc:2    | Noticed Erolcha
 15713 | Orc:2    | Killed Erolcha
 15714 | Orc:2    | Found a roughly hewn altar of Beogh.
 15714 | Orc:2    | Found a staircase to the Elven Halls.
 15890 | Orc:2    | Reached skill level 19 in Stealth
 16174 | Orc:2    | Noticed Donald
 16549 | Orc:2    | Killed Donald
 16805 | Orc:2    | Found Muiteisu's Distillery.
 16874 | Orc:2    | Found an ancient bone altar of Kikubaaqudgha.
 16905 | Orc:2    | Found Zoafeuz's Antique Weapon Boutique.
 16934 | Orc:2    | Found a radiant altar of Vehumet.
 16982 | Orc:2    | Found a roughly hewn altar of Beogh.
 16983 | Orc:2    | Found Jemesm's Magic Scroll Shop.
 17037 | Orc:2    | Found Eshrifut's Book Shop.
 17039 | Orc:2    | Bought a scroll of teleportation for 36 gold pieces
 17039 | Orc:2    | Bought a scroll of teleportation for 36 gold pieces
 17400 | Lair:1   | Entered Level 1 of the Lair of Beasts
 17523 | Lair:1   | Reached XP level 14. HP: 105/105 MP: 19/19
 17525 | Lair:1   | Reached skill level 20 in Stealth
 17912 | Lair:1   | Found a dark tunnel.
 17992 | Volcano  | Entered a volcano
 18062 | Volcano  | Found a bloodstained altar of Trog.
 18682 | Lair:2   | Found a staircase to the Swamp.
 19286 | Lair:3   | Noticed Gastronok
 19324 | Lair:3   | Reached skill level 21 in Stealth
 19340 | Lair:3   | Killed Gastronok
 19710 | Lair:3   | Found a hole to the Spider Nest.
 21640 | Lair:5   | Reached skill level 22 in Stealth
 21787 | Lair:5   | Gained mutation: You have large cloven feet. [evolution]
 22227 | Lair:6   | Entered Level 6 of the Lair of Beasts
 22285 | Lair:6   | Found a staircase to the Slime Pits.
 22976 | D:14     | Found Ariuryob's Assorted Antiques.
 23017 | D:14     | Got a pitted leather armour
 23028 | D:14     | Identified the cursed +1 leather armour of Fortitude {+Inv rF- Int+8 Dex-2} (You found it on level 14 of the Dungeon)
 23550 | D:14     | Reached skill level 23 in Stealth
 23550 | D:14     | Reached XP level 15. HP: 112/112 MP: 20/20
 23642 | D:14     | Found a gate to the Vaults.
 23852 | D:15     | Entered Level 15 of the Dungeon
 23858 | D:15     | Noticed Roxanne
 24186 | D:15     | Reached skill level 10 in Dodging
 24281 | D:15     | Found a staircase to the Depths.
 24733 | D:13     | Reached skill level 24 in Stealth
 25111 | Spider:1 | Entered Level 1 of the Spider Nest
 25228 | Spider:1 | Noticed Agnes
 25234 | Spider:1 | Killed Agnes
 25829 | Spider:1 | Noticed Asterion
 25832 | Spider:1 | Killed Asterion
 25898 | Spider:1 | Reached skill level 25 in Stealth
 25944 | Spider:1 | Noticed Nikola
 25989 | Spider:1 | HP: 2/115 [Nikola/chain lightning (20)]
 25992 | Spider:1 | Killed Nikola
 27033 | Spider:2 | Learned a level 1 spell: Animate Skeleton
 27088 | Spider:2 | Reached XP level 16. HP: 65/122 MP: 21/21
 27320 | Spider:2 | Reached skill level 10 in Fighting
 27320 | Spider:2 | Reached skill level 1 in Evocations
 28016 | Spider:3 | Gained mutation: You possess an exceptional clarity of mind. [evolution]
 28016 | Spider:3 | Lost mutation: You evolve. [end of evolution]
 28755 | Spider:4 | Entered Level 4 of the Spider Nest
 28761 | Spider:4 | Found a frozen archway.
 28783 | IceCv    | Entered an ice cave
 29109 | IceCv    | Noticed emsyzz's ghost (journeyman MiBe)
 29228 | IceCv    | Killed emsyzz's ghost
 30086 | IceCv    | HP: 4/123 [white very ugly thing (18)]
 30086 | IceCv    | Mangled by a white very ugly thing

Skill      XL: |  1  2  3  4  5  6  7  8  9 10 11 12 13 14 15 16 |
---------------+-------------------------------------------------+-----
Stealth        | 6 7 8 9 10 11 12 14 15 17 19 23 25 | 25.7
Fighting       | 2 3 4 5 7 8 9 10 | 10.5
Short Blades   | 3 5 6 8 9 11 12 13 14 | 14.9
Armour         | 1 2 3 4 5 6 7 |  7.6
Dodging        | 2 3 5 6 7 8 9 10 11 | 11.2
Throwing       | 2 |  2.1
Charms         | 2 4 |  4.1
Spellcasting   | 1 3 |  3.3
Necromancy     | 5 |  5.3
Evocations     | 1 |  1.1

Action                   |  1- 3 |  4- 6 |  7- 9 | 10-12 | 13-15 | 16-18 || total
-------------------------+-------+-------+-------+-------+-------+-------++-------
Melee: Dagger            |    78 |   169 |   253 |       |       |       ||   500
       Bite              |     9 |    17 |    43 |    98 |   215 |    75 ||   457
       Short sword       |       |       |   120 |   593 |       |       ||   713
       Pair of quick bla |       |       |       |   284 |  1509 |   505 ||  2298
 Fire: Blowgun           |       |    15 |       |     6 |       |       ||    21
Throw: Throwing net      |       |     1 |     1 |       |       |       ||     2
 Cast: Infusion          |       |       |       |     3 |     2 |       ||     5
       Song of Slaying   |       |       |       |       |     2 |       ||     2
       Regeneration      |       |       |       |       |     1 |       ||     1
 Abil: End Transformatio |       |       |       |     1 |     5 |     2 ||     8
       Bat Form          |       |       |       |     1 |     5 |     2 ||     8
Evoke: Wand              |       |       |       |       |     7 |     2 ||     9
       Box of beasts     |       |       |       |       |     7 |     3 ||    10
       Sack of spiders   |       |       |       |       |     3 |       ||     3
  Use: Potion            |       |     6 |     3 |    25 |    17 |    15 ||    66
       Scroll            |       |     4 |     2 |    18 |     8 |     2 ||    34
 Stab: Sleeping          |    12 |    19 |    20 |    72 |   192 |    26 ||   341
       Held in net/web   |       |       |     2 |       |       |       ||     2
       Distracted        |       |       |     3 |    10 |    13 |     1 ||    27
       Invisible         |       |       |       |     7 |       |     3 ||    10
Armor: Leather armour    |    12 |    35 |       |       |       |       ||    47
       Ring mail         |       |       |    58 |   110 |    45 |       ||   213
       Acid dragon scale |       |       |       |       |    99 |    82 ||   181
Dodge: Dodged            |    46 |   141 |   201 |   572 |   692 |   344 ||  1996
